 Dungeon Crawl Stone Soup version 0.29.1-12-g30fa7ad0bf (webtiles) character file.

Game seed: 14170135115127255611

41 FaviusArthum the Trooper (level 3, -4/29 HPs)
             Began as a Human Abyssal Knight on Jan 10, 2023.
             Was a Believer of Lugonu.
             Slain by a worm (6 damage)
             ... on level 2 of the Dungeon.
             The game lasted 00:05:59 (2689 turns).

FaviusArthum the Trooper (Human Abyssal Knight)     Turns: 2689, Time: 00:06:00

Health: -4/29      AC:  3    Str: 13    XL:     3   Next: 75%
Magic:  4/4        EV: 11    Int: 12    God:    Lugonu [**....]
Gold:   65         SH:  0    Dex: 13    Spells: 0/2 levels left

rFire   . . .      SeeInvis .   h - +0 rapier
rCold   . . .      Faith    .   (no shield)
rNeg    + . .      Spirit   .   b - +0 leather armour
rPois   .          Reflect  .   (no helmet)
rElec   .          Harm     .   (no cloak)
rCorr   .          Rampage  .   (no gloves)
Will    .....                   (no boots)
Stlth   +.........              (no amulet)
HPRegen 0.09/turn               e - ring of positive energy
MPRegen 0.09/turn               (no ring)

@: no status effects
A: no striking features
a: Renounce Religion, Depart the Abyss, Bend Space


You were on level 2 of the Dungeon.
You worshipped Lugonu.
Lugonu was pleased with you.
You visited 1 branch of the dungeon, and saw 2 of its levels.
You visited the Abyss 1 time.

You collected 65 gold pieces.

Inventory:

Hand Weapons
 a - a +1 falchion
 g - a +0 whip
 h - a +0 rapier (weapon)
Missiles
 i - 8 stones
 j - 3 poisoned darts
Armour
 b - a +0 leather armour (worn)
Jewellery
 e - a ring of positive energy (left hand)
Scrolls
 c - 2 scrolls of fear {unknown}
 d - a scroll of vulnerability {unknown}
 f - 3 scrolls of identify {unknown}
 k - a scroll of noise {unknown}
 l - a scroll of enchant armour {unknown}
Potions
 m - 2 potions of ambrosia {unknown}
 n - a potion of lignification {unknown}
 o - a potion of curing {unknown}


   Skills:
 + Level 3.6 Fighting
 + Level 0.1(1.3) Short Blades
 + Level 2.2 Long Blades
 + Level 2.4 Armour
 + Level 1.1 Dodging
 + Level 0.2 Stealth
 + Level 2.4 Invocations


You couldn't memorise any spells.
You knew the following spells:

 Your Spells              Type           Power      Damage    Failure   Level
a - Blink                 Tloc           0%         N/A       54%         2

Your spell library contained the following spells:

 Spells                   Type           Power      Damage    Failure   Level
 Manifold Assault         Tloc           0%         N/A       100%        5
 Storm Form               Tmut/Air       0%         N/A       100%        7


Dungeon Overview and Level Annotations

Branches:
Dungeon (2/15)

Altars:


Message History

You are poisoned.
You hit the kobold.
You kill the kobold!
Lugonu accepts your kill.
You feel sick. The quokka zombie barely misses you.
You feel sick. The quokka zombie bites you.
Things that are here:
a +1 dagger of venom; 2 stones You hit the worm.
The worm is lightly wounded.
You feel sick. The quokka zombie closely misses you.
You hit the worm.
The worm is moderately wounded.
You feel sick. The worm bites you! The quokka zombie closely misses you.
You barely miss the worm.
The worm is lightly wounded.
You feel sick. The quokka zombie closely misses you. The worm bites you!
* * * LOW HITPOINT WARNING * * *
You hit the worm.
The worm is moderately wounded.
You feel sick.
You are no longer poisoned.
The quokka zombie barely misses you. The quokka zombie bites you.
* * * LOW HITPOINT WARNING * * *
You hit the worm.
The worm is heavily wounded.
The quokka zombie barely misses you. The worm barely misses you.
You hit the worm.
The worm is severely wounded.
The quokka zombie closely misses you.
You barely miss the worm.
The worm is severely wounded.
The quokka zombie barely misses you. The worm bites you.
* * * LOW HITPOINT WARNING * * *
The quokka zombie barely misses you.
You hit the worm.
The worm is almost dead.
The worm bites you.
You die...

#. #.# #.# #+## #####.###
######...## #..<....#
#.........#
#.......###...P......
>####..##..<.##P:........
................ZP.......
.####..#.#...##.@w.......
#.......######.......
#.......# #....$#
####.#### #...## #.# #+##
#.# #.# #.# #.


You could see a worm and a quokka zombie.

Vanquished Creatures
  A gnoll (D:1)
  2 dart slugs (D:1)
  2 ball pythons (D:1)
  A bat (D:1)
  A giant cockroach (D:1)
  2 goblins (D:1)
  5 hobgoblins (D:1)
  2 jackals (D:1)
  2 kobolds
  A quokka (D:1)
  2 frilled lizards (D:1)
  5 rats (D:1)
26 creatures vanquished.

Notes
Turn   | Place    | Note
-------+----------+-------------------------------------------
     0 | Abyss:1  | FaviusArthum the Human Abyssal Knight began the quest for
                  | the Orb.
     0 | Abyss:1  | Reached XP level 1. HP: 18/18 MP: 2/2
     0 | Abyss:1  | Found a corrupted altar of Lugonu.
    56 | Abyss:1  | Noticed a quasit
    58 | D:1      | Escaped the Abyss
   405 | D:1      | Reached XP level 2. HP: 11/24 MP: 3/3
   779 | D:1      | HP: 1/24 [gnoll/+0 whip (4)]
   783 | D:1      | Reached XP level 3. HP: 2/29 MP: 4/4
  1386 | D:1      | Learned a level 2 spell: Blink
  2689 | D:2      | Slain by a worm

Illustrated notes

Levels and vault maps discovered:
D:1:      dpeg_arrival_ratfight, layout_basic
D:2:      layout_loops_corners, serial_undead, serial_undead_b, serial_undead_e,
          serial_undead_d, serial_undead_d, serial_undead_e, serial_undead_c,
          serial_undead_b, serial_undead_a, minmay_joined_circles

Action                   || total
-------------------------++-------
Melee: Falchion          ||    36
       Rapier            ||    43
Invok: Depart the Abyss  ||     1
 Stab: Sleeping          ||     2
Armor: Leather armour    ||    16
Dodge: Dodged            ||    46
